 Dungeon Crawl Stone Soup version 0.31-a0-960-g0fca184906 (webtiles) character file.

Game seed: 7145596656028565405

2058697 Ge0ff the Ghoulish Barricade (level 27, 221/221 HPs)
             Began as a Ghoul Hedge Wizard on Oct 22, 2023.
             Was a High Priest of Hepliaklqana.
             Escaped with the Orb
             ... and 4 runes on Oct 23, 2023!
             The game lasted 02:57:08 (87596 turns).

Ge0ff the Ghoulish Barricade (Ghoul Hedge Wizard)  Turns: 87596, Time: 02:57:09

Health: 221/221    AC: 48    Str: 30    XL:     27
Magic:  33/33      EV: 13    Int:  4    God:    Hepliaklqana [*****.]
Gold:   265        SH: 31    Dex: 16    Spells: 31/31 levels left

rFire   + .          .
                       - Unarmed
rCold   + + .        h - +6 tower shield {AC+3}
rNeg    + + +        f - +12 gold dragon scales
rPois   ∞            b - +2 helmet
rElec   +            p - +1 cloak "Ifuis" {rElec Int-5 Dex+4 Stlth+}
rCorr   .            a - +0 pair of gloves of Rotation {Regen+ Stlth+}
SInv    .            u - +2 pair of boots {rampage}
Will    +++..        D - amulet of Xom's Whimsicality {Acrobat Will+ Stlth+} Stlth
                     r - +4 ring of slaying
HPRegen 1.36/turn    i - +6 ring of strength {=R}
MPRegen 0.23/turn

%: acrobat, rampage
@: studying 2 skills
A: reduced essence, claws 1, cold resistance 1, negative energy resistance 3,
inhibited regeneration, torment resistance 2, devour on kill
0: Orb of Zot
}: 4/15 runes: barnacled, silver, abyssal, gossamer
a: Renounce Religion, Recall Ancestor, Ancestor Identity, Transference, Idealise


You escaped.
You worshipped Hepliaklqana.
Hepliaklqana was extremely pleased with you.
You visited 10 branches of the dungeon, and saw 50 of its levels.
You visited the Abyss 4 times.
You also visited: Gauntlet, Ice Cave and Wizlab.

You collected 8162 gold pieces.
You spent 7897 gold pieces at shops.

Inventory:

Missiles
 g - a throwing net {=F}
 v - 15 curare-tipped darts {=F}
 w - 25 silver javelins
 z - 17 javelins
 Y - 5 boomerangs (quivered)
Armour
 a - the +0 pair of gloves of Rotation (worn) {Regen+ Stlth+}
   (You found it on level 3 of the Spider Nest)

   Regen+:    It increases your rate of health regeneration.
   Stlth+:    It makes you more stealthy.
 b - a +2 helmet (worn)
 c - the +3 Mad Mage's Maulers {Infuse+∞ VampMP -Cast}
   (You found it on level 2 of the Depths)

   Infuse+∞: It empowers its wearer's blows with all of their magic.
   VampMP:    Blows struck in melee replenish the wearer's magic.
   -Cast:     It prevents spellcasting.
 f - +12 gold dragon scales (worn)
 h - a +6 tower shield of protection (worn)
 p - the +1 cloak "Ifuis" (worn) {rElec Int-5 Dex+4 Stlth+}
   (You found it on level 5 of the Vaults)

   Int-5:     It affects your intelligence (-5).
   Dex+4:     It affects your dexterity (+4).
   rElec:     It insulates you from electricity.
   Stlth+:    It makes you more stealthy.
 u - a +2 pair of boots of rampaging (worn)
Jewellery
 i - a +6 ring of strength (right hand) {=R}
 r - a +4 ring of slaying (left hand)
 x - a ring of willpower
 D - the amulet of Xom's Whimsicality (around neck) {Acrobat Will+ Stlth+}
   (You found it on level 5 of the Vaults)

   [amulet of the acrobat]

   Acrobat:   It increases your evasion while moving and waiting.
   Will+:     It increases your willpower.
   Stlth+:    It makes you more stealthy.
 G - an amulet of reflection
 L - a ring of flight
 Z - the ring of Vualia {rElec rN+ SInv}
   (You found it on level 3 of the Crypt)

   [ring of positive energy]

   rElec:     It insulates you from electricity.
   rN+:       It protects you from negative energy.
   SInv:      It lets you see invisible.
Wands
 d - a wand of digging (19)
 e - a wand of charming (31)
 j - a wand of quicksilver (25)
 k - a wand of iceblast (28)
 s - a wand of mindburst (72)
 P - a wand of polymorph (26)
Scrolls
 m - 5 scrolls of revelation
 y - 2 scrolls of immolation
 B - 9 scrolls of blinking
 C - 8 scrolls of poison
 E - 4 scrolls of fear
 F - 10 scrolls of fog
 J - 4 scrolls of torment
 S - 6 scrolls of butterflies
 T - 24 scrolls of teleportation
 V - 9 scrolls of vulnerability
Potions
 o - 7 potions of ambrosia
 q - 27 potions of curing
 A - 10 potions of attraction
 H - 10 potions of haste {!q}
 I - 7 potions of invisibility
 K - a potion of magic {!q}
 M - a potion of might
 N - 2 potions of cancellation {!q}
 R - 3 potions of resistance
 W - 8 potions of heal wounds {!q}
 X - 7 potions of enlightenment
Miscellaneous
 l - a lightning rod (2/4)
 n - a phial of floods
 t - a tin of tremorstones (1/2)
 O - a box of beasts (inert)
 U - a phantom mirror (inert)


   Skills:
 - Level 20.0 Fighting
 - Level 16.0 Throwing
 + Level 17.3 Armour
 + Level 13.4 Dodging
 - Level 2.1 Stealth
 O Level 27 Shields
 - Level 20.0 Unarmed Combat
 - Level 2.6 Spellcasting
 - Level 1.0 Conjurations
 - Level 0.8 Summonings
 - Level 0.8 Translocations
 - Level 15.0 Invocations
 - Level 12.0 Evocations


You had 31 spell levels left.
You didn't know any spells.
Your spell library contained the following spells:

 Spells                   Type           Power      Damage    Failure   Level
 Apportation              Tloc           2%         N/A       98%         1
 Magic Dart               Conj           4%         1d3       98%         1
 Summon Small Mammal      Summ           4%         N/A       98%         1
 Foxfire                  Conj/Fire      0%         2x1d4     99%         1
 Freeze                   Ice            0%         1d3       99%         1
 Necrotise                Necr           0%         1d4       99%         1
 Sandblast                Erth           0%         2d4       99%         1
 Shock                    Conj/Air       0%         1d3       99%         1
 Slow                     Hex            0%         N/A       99%         1
 Sting                    Tmut/Pois      0%         1d3       99%         1
 Blink                    Tloc           2%         N/A       99%         2
 Call Imp                 Summ           2%         N/A       99%         2
 Lesser Beckoning         Tloc           2%         N/A       99%         2
 Searing Ray              Conj           2%         2d4       99%         2
 Cigotuvi's Dreadful Rot  Necr/Pois/Air  0%         N/A       100%        2
 Ensorcelled Hibernation  Hex/Ice        0%         N/A       100%        2
 Jinxbite                 Hex            0%         N/A       100%        2
 Passwall                 Tmut/Erth      0%         N/A       100%        2
 Poisonous Vapours        Pois/Air       0%         N/A       100%        2
 Scorch                   Fire           0%         2d5       100%        2
 Call Canine Familiar     Summ           1%         N/A       100%        3
 Dazzling Flash           Conj/Hex       0%         N/A       100%        3
 Frozen Ramparts          Ice            0%         1d1       100%        3
 Gell's Gravitas          Tloc           1%         N/A       100%        3
 Hailstorm                Conj/Ice       0%         3d3       100%        3
 Ignite Poison            Fire/Tmut/Pois 0%         N/A       100%        3
 Mephitic Cloud           Conj/Pois/Air  0%         N/A       100%        3
 Ozocubu's Armour         Ice            0%         N/A       100%        3
 Stone Arrow              Conj/Erth      0%         3d7       100%        3
 Summon Guardian Golem    Hex/Summ       0%         N/A       100%        3
 Swiftness                Air            0%         N/A       100%        3
 Teleport Other           Tloc           1%         N/A       100%        3
 Tukima's Dance           Hex            0%         N/A       100%        3
 Vampiric Draining        Necr           0%         2d6       100%        3
 Volatile Blastmotes      Fire/Tloc      0%         2d10      100%        3
 Airstrike                Air            0%         2d(0-16)  100%        4
 Anguish                  Hex/Necr       0%         N/A       100%        4
 Animate Armour           Summ/Erth      0%         N/A       100%        4
 Animate Dead             Necr           0%         N/A       100%        4
 Brom's Barrelling Bould  Conj/Erth      0%         2d3       100%        4
 Cause Fear               Hex            0%         N/A       100%        4
 Dispel Undead            Necr           0%         3d6       100%        4
 Flame Wave               Conj/Fire      0%         2d4       100%        4
 Fulminant Prism          Conj/Hex       0%         3d5       100%        4
 Leda's Liquefaction      Hex/Erth       0%         N/A       100%        4
 Manifold Assault         Tloc           1%         N/A       100%        4
 Olgreb's Toxic Radiance  Pois           0%         N/A       100%        4
 Passage of Golubria      Tloc           1%         N/A       100%        4
 Petrify                  Tmut/Erth      0%         N/A       100%        4
 Summon Ice Beast         Ice/Summ       0%         N/A       100%        4
 Vhi's Electric Charge    Tloc/Air       0%         N/A       100%        4
 Agony                    Necr           0%         N/A       100%        5
 Alistair's Intoxication  Tmut/Pois      0%         N/A       100%        5
 Arcjolt                  Conj/Air       0%         1d10      100%        5
 Borgnjor's Vile Clutch   Necr/Erth      0%         N/A       100%        5
 Fireball                 Conj/Fire      0%         3d3       100%        5
 Freezing Cloud           Conj/Ice/Air   0%         6-21      100%        5
 Iskenderun's Battlesphe  Conj           1%         2d6       100%        5
 Lee's Rapid Deconstruct  Erth           0%         3d4*      100%        5
 Metabolic Englaciation   Hex/Ice        0%         N/A       100%        5
 Summon Forest            Summ/Tloc      0%         N/A       100%        5
 Summon Mana Viper        Hex/Summ       0%         N/A       100%        5
 Yara's Violent Unravell  Hex/Tmut       0%         3d3       100%        5
 Bombard                  Conj/Erth      0%         9d1       100%        6
 Conjure Ball Lightning   Conj/Air       0%         3x3d6     100%        6
 Death Channel            Necr           0%         N/A       100%        6
 Eringya's Noxious Bog    Tmut/Pois      0%         4d6       100%        6
 Plasma Beam              Fire/Air       0%         2x1d10    100%        6
 Simulacrum               Ice/Necr       0%         N/A       100%        6
 Starburst                Conj/Fire      0%         6d3       100%        6
 Summon Cactus Giant      Summ           0%         N/A       100%        6
 Haunt                    Necr/Summ      0%         N/A       100%        7
 Malign Gateway           Summ/Tloc      0%         N/A       100%        7
 Monstrous Menagerie      Summ           0%         N/A       100%        7
 Ozocubu's Refrigeration  Ice            0%         4d7       100%        7
 Spellforged Servitor     Conj/Summ      0%         N/A       100%        7
 Summon Hydra             Summ           0%         N/A       100%        7
 Discord                  Hex            0%         N/A       100%        8
 Disjunction              Tloc           0%         N/A       100%        8
 Infestation              Necr           0%         N/A       100%        8
 Maxwell's Capacitive Co  Air            0%         ∞         100%        8
 Summon Horrible Things   Summ           0%         N/A       100%        8
 Chain Lightning          Conj/Air       0%         N/A       100%        9
 Dragon's Call            Summ           0%         N/A       100%        9
 Fire Storm               Conj/Fire      0%         5d1       100%        9
 Shatter                  Erth           0%         3d5*      100%        9
 Borgnjor's Revivificati  Necr           Unusable   N/A       N/A         8
 Death's Door             Necr           Unusable   N/A       N/A         9

Dungeon Overview and Level Annotations

Branches:
Dungeon (15/15)            Temple (0/1) D:6            Lair (5/5) D:8
 Shoals (4/4) Lair:3       Spider (4/4) Lair:3        Slime (0/5) Lair:5
    Orc (2/2) D:10            Elf (3/3) Orc:2        Vaults (5/5) D:14
  Crypt (3/3) Vaults:3       Tomb (0/3) Crypt:3      Depths (4/4) D:15
    Zot (5/5) Depths:4      IceCv (visited)          WizLab (visited)
Gauntlet (visited)

Altars:
Ashenzari
Dithmenos
Fedhas
Hepliaklqana
Makhleb
Okawaru
Xom
Yredelemnul

Shops:
D:1 =   D:3 [   D:8 :   D:12 ?   Orc:1 [   Orc:2 !*???   Elf:1 (   Elf:3 *
Shoals:3 ?   Shoals:4 [   Vaults:2 [   Vaults:4 (   Depths:1 :   Depths:3 *

Portals:
Hell: Depths:1 Depths:2 Depths:3 Depths:4
Abyss: Depths:3
Pandemonium: Depths:2 Depths:3
Ziggurat: Depths:3


Innate Abilities, Weirdness & Mutations

Your life essence is reduced to manifest your ancestor. (-10% HP)
You are immune to poison.
You have sharp fingernails.
Your flesh is cold resistant. (rC+)
You are immune to negative energy. (rN+++)
You do not regenerate when monsters are visible.
You are immune to unholy pain and torment.
You thrive by killing the living.


Message History

You rampage towards the shadow demon!
You pound the shadow demon into fine dust!!!
The shadow demon is severely wounded.
You pound the shadow demon into fine dust!!!
You kill the shadow demon!
An Orb Guardian comes into view.
Things that are here:
a +0 giant club; a +0 giant club
There is a stone staircase leading up, spattered with blood here.
You throw a boomerang. The boomerang hits the Orb Guardian!!
The Orb Guardian is moderately wounded.
You throw a boomerang. The boomerang hits the Orb Guardian!!
The Orb Guardian is severely wounded.
You throw a boomerang.
The boomerang closely misses the Orb Guardian.
Ghoulcestor barely misses the Orb Guardian.
You throw a boomerang. The boomerang hits the Orb Guardian!!
You kill the Orb Guardian!
Your tin of tremorstones (1/2) has regained one charge.
You climb upwards.
There is a stone staircase leading down here.
There is a stone staircase leading up here.
You climb upwards.
There is a stone staircase leading down here.
There is an escape hatch in the ceiling here.
A mysterious force pulls you upwards. The hatch slams shut behind you.
There is a stone staircase leading up here.
You climb upwards.
There is a stone staircase leading down here.
There is an open door here.
There is a stone staircase leading up here.
You climb upwards.
There is a stone staircase leading down here.
There is a stone staircase leading up here.
You climb upwards.
There is a stone staircase leading down here.
You swap places.
There is a stone staircase leading up here.
You climb upwards.
There is a stone staircase leading down here.
You swap places.
You see here a +0 short sword.
There is a stone staircase leading up here.
You climb upwards.
There is a stone staircase leading down here.
You open the door.
There is an open door here.
There is a staircase leading out of the dungeon here.
You see here a +0 dagger.
You have escaped!

#............#...#..............
#............#...#..............
###..........#####..............
#.............................
#.........##..####+###........
####.########'# #.###........
#.# #.# #............ #.#
###R######.#######.. #.# #..@..#
#..# #.. #.########.#######.#
#.. #..+.............+.# ###
#.#####.#####.####.#
#...###.#####.####.#
###..'.........+..)#
########.######.##
#...........#.# #
######.######.# ###


You could see the friendly Ghoulcestor the knight (reflecting).

Vanquished Creatures
  3 dread liches
  4 orbs of fire
  Mennas (Depths:4)
  Boris (Crypt:3)
  7 Killer Klowns
  A shard shrike (Depths:2)
  Margery (Crypt:1)
  Frederick (Vaults:4)
  The ghost of Gathuos the Earth Mage, an adept OpEE of Vehumet (Crypt:2)
  the Enchantress (Depths:4)
  6 golden dragons
  Jory (Crypt:3)
  2 bone dragons
  An electric golem (Zot:5)
  A Brimstone Fiend (Depths:4)
  2 doom hounds (Depths:4)
  An Ice Fiend (Depths:2)
  11 tentacled monstrosities
  21 Orb Guardians
  6 liches
  Mlioglotl (Spider:1)
  The ghost of Xoff the Luminary of Lethal Lore, an adept GnCj of Vehumet (Elf:3)
  4 titans
  Grunn (Depths:4)
  A deep elf master archer (Elf:3)
  2 walking divine tomes
  A deep elf blademaster (Elf:3)
  4 quicksilver dragons
  A tentacled starspawn (Abyss:3)
  2 Executioners (Abyss:2)
  4 sphinxes
  4 death cobs
  3 ancient champions
  7 shadow dragons
  11 tengu reavers
  A draconian monk (Depths:4)
  12 storm dragons
  Aizul (Vaults:1)
  Donald (Crypt:2)
  2 revenants
  A fenstrider witch (Depths:2)
  3 deep elf sorcerers
  11 frost giants
  2 emperor scorpions (Spider:4)
  6 fire giants
  A balrug (Depths:4)
  2 draconian scorchers (Depths:4)
  3 ghost moths (Spider:4)
  5 iron dragons
  12 vault wardens
  A deep elf elementalist (Elf:3)
  4 draconian shifters
  4 angels (Zot:4)
  3 caustic shrike zombies
  A ghoul (Crypt:3)
  A juggernaut zombie (Crypt:3)
  5 orc warlords
  3 spriggan defenders (Depths:4)
  2 curse skulls
  2 draconian annihilators
  A caustic shrike skeleton (Abyss:3)
  4 draconian stormcallers (Depths:4)
  19 ironbound preservers
  6 very ugly things
  14 stone giants
  5 war gargoyles
  A juggernaut skeleton (Crypt:1)
  10 ironbound thunderhulks
  2 formless jellyfish
  A putrid mouth (Depths:4)
  6 halazid warlocks (WizLab)
  13 vampire knights
  3 green draconians
  A minotaur (Gauntlet)
  6 deep elf annihilators
  A lorocyproca (Abyss:3)
  6 purple draconians
  4 white draconians (Depths:4)
  2 spark wasps
  10 dire elephants
  4 blizzard demons
  3 red draconians
  7 deep elf demonologists
  4 yellow draconians
  9 jiangshi
  10 fire dragons
  3 deep elf death magi
  5 merfolk javelineers
  2 quicksilver dragon zombies (WizLab)
  5 deep elf high priests
  6 merfolk impalers
  4 ettins
  2 eidola
  7 yaktaur captains
  4 rakshasas
  3 great orbs of eyes
  5 entropy weavers
  A peacekeeper (Vaults:3)
  4 hydras
  7 ice dragons
  4 spriggan air magi
  A merfolk avatar (Shoals:4)
  21 vault guards
  3 radroaches
  8 ironbound frosthearts
  A catoblepas (Abyss:3)
  8 centaur warriors
  7 death yaks
  A jorogumo (Spider:3)
  3 death knights
  6 ogre magi
  8 boulder beetles
  3 satyrs
  18 two-headed ogres
  3 deep troll shamans
  8 demonic crawlers
  A spriggan berserker (Depths:4)
  3 titan zombies
  A thrashing horror (Abyss:2)
  A deep troll earth mage (Depths:2)
  4 hell hogs
  28 dancing weapons
  A storm dragon zombie (Crypt:3)
  6 tengu warriors
  10 vampire magi
  An Orb Guardian skeleton (Crypt:3)
  An orc high priest (Vaults:3)
  7 soul eaters
  8 hell knights
  10 deep elf knights
  Sonja (Lair:4)
  2 sun demons
  2 wretched stars
  4 iron trolls
  2 sixfirhies
  9 sea snakes
  6 skeletal warriors
  7 flayed ghosts
  An iron giant zombie (Crypt:2)
  2 sun moths (Spider:3)
  A death drake (shapeshifter) (Depths:2)
  4 glowing orange brains
  3 pharaoh ants
  2 skysharks
  2 golden dragon zombies (Crypt:3)
  A death drake (Abyss:3)
  37 deep trolls
  A shadow demon (D:9)
  A swamp dragon (shapeshifter) (Elf:1)
  A swamp dragon (Depths:2)
  A bog body (Crypt:3)
  4 orb spiders
  2 spriggan simulacra (Depths:2)
  12 ironbound convokers
  4 arcanists
  8 deep elf archers
  The ghost of Pi314 the Chopper, a novice HOFi of the Shining One (D:4)
  9 orc knights
  9 necromancers
  3 lindwurms
  14 harpies
  21 phantasmal warriors
  2 spectral wolf spiders (WizLab)
  23 deep elf pyromancers
  6 steelbarb worms
  2 wolf spider zombies
  24 ugly things
  21 deep elf zephyrmancers
  An orc sorcerer (Elf:2)
  12 wolf spiders
  A stone giant zombie (Crypt:3)
  4 cyclopes
  11 moths of wrath
  A moth of wrath (shapeshifter) (Depths:4)
  9 fauns
  8 manticores
  13 elephants
  4 merfolk sirens
  A smoke demon (Abyss:2)
  2 water nymphs
  5 black mambas
  2 molten gargoyles (Lair:5)
  9 vault sentinels
  2 ice statues
  3 torpor snails
  A gargoyle (D:7)
  A death yak zombie (Crypt:2)
  A green draconian zombie (Crypt:2)
  A swamp worm zombie (Crypt:2)
  A minotaur zombie (Crypt:3)
  A shock serpent skeleton (Crypt:1)
  6 cane toads
  2 rime drakes
  10 yaktaurs
  An orb spider zombie (Crypt:2)
  7 komodo dragons
  An anaconda simulacrum (Crypt:3)
  2 catoblepas skeletons (Abyss:3)
  A golden dragon simulacrum (Depths:2)
  An efreet (Abyss:3)
  2 harpy zombies
  4 ancient zymes
  A tengu conjurer (Depths:3)
  A freezing wraith (Depths:4)
  6 ice devils
  2 hellwings
  24 merfolk
  5 meliai
  12 polar bears
  6 wind drakes
  7 tarantellas
  8 trolls
  A raiju (Depths:2)
  7 hornets
  16 dream sheep
  A snapping turtle (shapeshifter) (Vaults:5)
  2 glass eyes (Depths:3)
  8 blink frogs
  7 snapping turtles
  2 spriggan zombies (WizLab)
  A dream sheep (shapeshifter) (Zot:4)
  10 culicivoras
  35 slime creatures
  2 air elementals (Elf:1)
  2 flying skulls (WizLab)
  2 ynoxinuls
  12 jumping spiders
  A shadow (D:11)
  2 spriggans (Depths:4)
  A slime creature (shapeshifter) (Vaults:5)
  Eustachio (D:5)
  A black mamba zombie (Crypt:1)
  7 water elementals
  7 wyverns
  4 fire elementals
  47 yaks
  6 large abominations
  8 wraiths
  20 vampires
  2 neqoxecs
  6 basilisks
  A fire bat (Gauntlet)
  25 redbacks
  A steam dragon (D:8)
  2 chaos spawn
  3 vampire mosquitoes
  A swamp worm (shapeshifter) (Depths:4)
  A wind drake skeleton (Crypt:1)
  A warg (Orc:1)
  8 water moccasins
  4 acid dragons
  7 hell hounds
  A naga skeleton (Crypt:3)
  A black bear (shapeshifter) (Vaults:5)
  10 orc warriors
  A faun skeleton (Crypt:3)
  7 ice beasts
  A black bear (Lair:3)
  33 wolves
  2 boggarts (Vaults:1)
  An ettin simulacrum (Depths:1)
  A centaur (D:10)
  23 ogres
  A phantom (D:6)
  3 small abominations
  A kobold brigand (D:7)
  3 necrophages
  10 bullfrogs
  A bullfrog (shapeshifter) (Vaults:5)
  2 gnoll sergeants
  5 scorpions
  A glowing shapeshifter simulacrum (Depths:2)
  6 earth elementals
  A water moccasin zombie (Crypt:3)
  4 wights
  A water moccasin skeleton (Crypt:3)
  16 killer bees
  3 electric eels
  4 howler monkeys
  3 lava snakes (Lair:5)
  5 quasits
  A bullfrog skeleton (Crypt:1)
  A centaur zombie (Crypt:2)
  An iron imp (Abyss:3)
  2 jellies (Gauntlet)
  7 orc priests
  6 starcursed masses (Abyss:3)
  17 orc wizards
  2 sleepcaps (D:5)
  3 hell rats (Lair:5)
  Robin (D:3)
  11 gnolls
  6 adders
  2 shadow imps
  9 white imps
  7 ufetubi
  A worm zombie (Crypt:2)
  5 worms
  59 orcs
  4 bats
  6 endoplasms
  3 giant cockroaches
  11 goblins
  13 hobgoblins
  3 jackals (D:4)
  10 kobolds
  2 quokkas (D:1)
  6 ball pythons
  2 frilled lizards (D:3)
  5 rats
1694 creatures vanquished.

Vanquished Creatures (collateral kills)
  2 orbs of fire (Zot:5)
  An ancient lich (Zot:5)
  A juggernaut (Depths:3)
  Sojobo (Depths:2)
  3 Killer Klowns
  2 shard shrikes
  The ghost of Ynkabiuw the Metamorph, an adept TrCK of Jiyva (Vaults:3)
  6 golden dragons
  2 bone dragons
  An electric golem (Zot:5)
  Zenata (Vaults:1)
  7 Orb Guardians
  A lich (Depths:2)
  Jorgrun (D:14)
  An Ice Fiend (Depths:2)
  A walking crystal tome (Depths:2)
  Rupert (Orc:2)
  A walking divine tome (Depths:2)
  3 titans (Depths:2)
  2 deep elf blademasters
  A quicksilver dragon (Zot:5)
  2 sphinxes
  A tentacled starspawn (Abyss:3)
  4 ancient champions
  2 death cobs (Zot:4)
  2 shadow dragons
  2 storm dragons
  2 tengu reavers (Depths:2)
  An azure jelly (Depths:2)
  A draconian monk (Depths:4)
  The ghost of Tagocin the Severer, an adept DsBe of Trog (Spider:2)
  A fire giant (Depths:2)
  A fenstrider witch (Depths:2)
  5 vault wardens
  2 frost giants (Depths:2)
  An iron dragon (Depths:4)
  2 deep elf elementalists (Elf:3)
  3 caustic shrike zombies
  An emperor scorpion (shapeshifter) (Depths:3)
  2 deep elf sorcerers
  3 emperor scorpions
  A curse skull (Crypt:3)
  2 ghost moths
  A draconian shifter (Depths:4)
  A ghoul (Crypt:2)
  3 spriggan defenders
  11 ironbound preservers
  6 stone giants
  4 green draconians
  A broodmother (Spider:2)
  A formless jellyfish (Vaults:3)
  4 ironbound thunderhulks
  2 very ugly things
  4 vampire knights
  A black draconian (Depths:4)
  A deep elf demonologist (Elf:1)
  A red draconian (Depths:4)
  7 dire elephants
  2 spark wasps (Spider:4)
  4 deep elf annihilators
  3 white draconians
  2 yellow draconians (Zot:5)
  3 deep elf death magi
  An eidolon (Crypt:2)
  4 merfolk impalers
  7 ettins
  A spectral quicksilver dragon (WizLab)
  6 merfolk javelineers
  A blizzard demon (Zot:5)
  2 deep elf high priests
  2 jiangshi
  2 entropy weavers
  4 rakshasas
  A fenstrider witch zombie (Crypt:2)
  6 great orbs of eyes
  2 fire dragons
  A merfolk avatar (Shoals:4)
  An ice dragon (Depths:2)
  3 yaktaur captains
  An ogre mage (D:10)
  3 boulder beetles
  9 vault guards
  5 spriggan air magi
  A catoblepas (Abyss:3)
  6 centaur warriors
  A radroach (Spider:4)
  2 alligator snapping turtles (Shoals:4)
  An ironbound frostheart (Vaults:2)
  A death knight (Crypt:1)
  4 two-headed ogres
  2 merfolk aquamancers
  A titan zombie (Depths:1)
  12 dancing weapons
  4 vampire magi
  3 hell hogs
  5 occultists (Depths:2)
  5 demonic crawlers
  4 deep troll earth magi
  A spriggan berserker (Depths:4)
  3 death yaks (IceCv)
  A naga warrior (Crypt:2)
  Nergalle (Lair:1)
  2 storm dragon zombies (Crypt:3)
  2 sun demons (Depths:4)
  A wretched star (Abyss:3)
  A soul eater (Crypt:3)
  9 deep elf knights
  3 hell knights (Depths:1)
  A skyshark (Shoals:1)
  7 skeletal warriors
  2 sun moths
  A shadow wraith (WizLab)
  A spatial maelstrom (Abyss:2)
  2 golden dragon zombies (Crypt:3)
  4 iron trolls
  A pharaoh ant (Spider:3)
  A death drake (Abyss:3)
  A goliath frog (shapeshifter) (Depths:3)
  2 sea snakes
  An anaconda zombie (Crypt:3)
  6 ironbound convokers
  A spectral wolf spider (WizLab)
  2 arcanists
  6 deep elf archers
  23 deep trolls
  6 flayed ghosts
  A swamp dragon (Depths:2)
  9 orc knights
  A steelbarb worm (Spider:3)
  8 orb spiders
  2 wolf spider zombies (WizLab)
  2 orc sorcerers
  A mana viper (Abyss:3)
  16 deep elf pyromancers
  6 necromancers
  6 phantasmal warriors
  An alligator zombie (Crypt:1)
  4 harpies
  A spectral spriggan (WizLab)
  8 wolf spiders
  5 lindwurms (Vaults:2)
  2 cyclopes
  7 manticores
  14 ugly things
  8 deep elf zephyrmancers
  2 worldbinders
  5 fauns
  Maurice (Orc:2)
  2 merfolk sirens
  5 moths of wrath
  A fire giant skeleton (Depths:1)
  2 smoke demons
  A water nymph (Shoals:2)
  5 elephants
  An ice statue (Lair:4)
  13 vault sentinels
  A black mamba (Lair:1)
  A cane toad (shapeshifter) (D:13)
  An eleionoma skeleton (Crypt:3)
  An eye of devastation (Depths:3)
  2 cane toads
  An unseen horror (D:11)
  A green draconian zombie (Crypt:2)
  4 freezing wraiths
  An ice devil (Abyss:3)
  An ancient zyme (Abyss:3)
  13 yaktaurs
  A komodo dragon (D:7)
  A tengu conjurer (Depths:3)
  2 catoblepas skeletons (Abyss:3)
  A merfolk (shapeshifter) (Vaults:5)
  A troll (Orc:2)
  3 wind drakes
  5 large abominations
  13 merfolk
  2 meliai (Spider:4)
  2 hellwings
  Prince Ribbit (D:5)
  7 tarantellas
  3 polar bears (IceCv)
  2 raiju (Depths:2)
  Grinder (D:4)
  3 hornets
  5 blink frogs
  An ettin zombie (Crypt:3)
  2 spriggan zombies
  6 dream sheep
  A frost giant simulacrum (Depths:1)
  3 snapping turtles
  6 jumping spiders
  10 culicivoras
  3 flying skulls (WizLab)
  Sigmund (D:4)
  2 air elementals
  2 water elementals
  2 ynoxinuls
  19 yaks
  2 spriggans (Depths:4)
  A wyvern (D:10)
  3 wraiths
  22 slime creatures
  5 starcursed masses (Abyss:3)
  A yak (shapeshifter) (Vaults:5)
  10 vampires
  5 basilisks
  A basilisk (shapeshifter) (D:14)
  A fire bat (Gauntlet)
  3 vampire mosquitoes
  A chaos spawn (Abyss:3)
  11 redbacks
  A spatial vortex (Abyss:2)
  An acid dragon (D:10)
  2 water moccasins
  An ice beast (Lair:4)
  4 orc warriors
  A black bear (shapeshifter) (Vaults:5)
  3 boggarts (Vaults:1)
  5 wolves
  6 ogres
  A blink frog skeleton (Crypt:2)
  An elf zombie (Crypt:2)
  A kobold brigand (D:11)
  2 bullfrogs
  4 earth elementals
  A scorpion (D:7)
  6 wights
  5 killer bees
  3 howler monkeys
  2 electric eels (Spider:4)
  A lava snake (Lair:5)
  3 small abominations (Abyss:2)
  A quasit (Abyss:2)
  A hound (D:5)
  An iron imp (Abyss:3)
  A gnoll bouda (D:5)
  2 orc priests
  Jessica (D:3)
  11 orc wizards
  2 hell rats (Lair:5)
  6 adders
  5 gnolls
  9 white imps
  8 ufetubi
  A lava snake zombie (Crypt:3)
  A worm (D:3)
  A dart slug (D:2)
  35 orcs
  2 bats
  An endoplasm (D:4)
  6 goblins
  4 hobgoblins
  A jackal (D:4)
  7 kobolds
  3 ball pythons
  A frilled lizard (D:2)
  A frilled lizard zombie (Crypt:2)
  A rat (D:3)
  A butterfly (Zot:4)
  2 starspawn tentacles (Abyss:3)
864 creatures vanquished.

Vanquished Creatures (others)
  An ancient lich (Vaults:5)
  Asterion (Spider:1)
  A deep elf master archer (Elf:3)
  A shadow dragon (Depths:2)
  An azure jelly (Depths:2)
  A stone giant (Depths:2)
  2 yaktaur captains (Vaults:5)
  A deep elf high priest (Vaults:5)
  A centaur warrior (Vaults:3)
  A spriggan air mage (Depths:4)
  A two-headed ogre (Vaults:5)
  A deep elf knight (Elf:2)
  2 quicksilver dragon simulacra (Depths:4)
  3 deep elf archers
  A merfolk siren (Shoals:4)
  4 yaktaurs
  A merfolk (Shoals:4)
  A wind drake (shapeshifter) (Elf:3)
  A hornet (Depths:4)
  A spriggan (Depths:4)
  A yak (IceCv)
  A golden eye (shapeshifter) (Elf:3)
  A wolf (IceCv)
  3 ettin simulacra (Depths:4)
  39 knights
  3 ancestors (D:1)
  A lurking horror (Abyss:2)
  2 starspawn tentacles (Abyss:3)
78 creatures vanquished.

Grand Total: 2636 creatures vanquished

Notes
Turn   | Place    | Note
-------+----------+-------------------------------------------
     0 | D:1      | Ge0ff the Ghoul Hedge Wizard began the quest for the Orb.
     0 | D:1      | Reached XP level 1. HP: 14/14 MP: 3/3
   183 | D:1      | Reached skill level 1 in Conjurations
   211 | D:1      | Found Lulae's Jewellery Shop.
   273 | D:1      | Found a faded altar of an unknown god.
   307 | D:1      | Prayed at the altar of an unknown god.
   307 | D:1      | Became a worshipper of Hepliaklqana the Forgotten
   307 | D:1      | Reached * piety under Hepliaklqana
   317 | D:1      | Reached skill level 1 in Fighting
   317 | D:1      | Reached XP level 2. HP: 18/20 MP: 2/4
   327 | D:1      | Reached skill level 1 in Unarmed Combat
  1002 | D:1      | Reached XP level 3. HP: 25/25 MP: 0/6
  1706 | D:2      | Reached XP level 4. HP: 32/32 MP: 7/7
  1984 | D:2      | Reached ** piety under Hepliaklqana
  1985 | D:2      | Remembered your ancestor Ghoulcestor as a knight
  2761 | D:3      | Reached XP level 5. HP: 37/37 MP: 8/8
  2779 | D:3      | Found Veyd Elu's Armour Shoppe.
  2807 | D:3      | Noticed Jessica
  2817 | D:3      | Killed Jessica
  2818 | D:3      | Reached skill level 1 in Armour
  3064 | D:3      | Noticed Robin
  3093 | D:3      | Killed Robin
  3474 | D:4      | Reached XP level 6. HP: 41/45 MP: 9/9
  3614 | D:5      | Entered Level 5 of the Dungeon
  3685 | D:4      | Reached skill level 5 in Unarmed Combat
  3848 | D:4      | Found a transporter.
  3867 | D:4      | Noticed Sigmund
  3869 | D:4      | Found a transporter.
  3869 | D:4      | Noticed Pi314's ghost (novice HOFi)
  3884 | D:4      | Killed Sigmund
  3885 | D:4      | Reached XP level 7. HP: 37/51 MP: 10/10
  3933 | D:4      | Noticed Grinder
  3935 | D:4      | Paralysed by Grinder for 3 turns
  3945 | D:4      | Killed Grinder
  4166 | D:5      | Reached *** piety under Hepliaklqana
  4224 | D:5      | Reached skill level 5 in Fighting
  4471 | D:5      | Reached XP level 8. HP: 59/61 MP: 11/11
  4745 | D:5      | Reached skill level 1 in Throwing
  4839 | D:5      | Noticed Eustachio
  4972 | D:5      | Killed Eustachio
  5148 | D:5      | Noticed Prince Ribbit
  5152 | D:5      | Killed Prince Ribbit
  5402 | D:5      | Found a shadowy altar of Dithmenos.
  5556 | D:6      | Found a staircase to the Ecumenical Temple.
  5564 | D:6      | Reached XP level 9. HP: 68/70 MP: 12/12
  5835 | D:6      | Reached **** piety under Hepliaklqana
  6081 | D:1      | Bought a ring of willpower for 300 gold pieces
  7012 | D:7      | Reached skill level 10 in Unarmed Combat
  7425 | D:7      | Noticed a gargoyle
  7425 | D:7      | Noticed a komodo dragon
  7613 | D:8      | Reached XP level 10. HP: 66/82 MP: 13/13
  7616 | D:8      | Reached skill level 10 in Fighting
  7619 | D:8      | Reached skill level 1 in Invocations
  7744 | D:8      | Found Diovar's Book Shop.
  7787 | D:8      | Reached skill level 1 in Evocations
  7993 | D:8      | Found a staircase to the Lair.
  8456 | D:9      | Noticed a two-headed ogre
  8463 | D:9      | Killed a two-headed ogre
  8763 | D:9      | Reached ***** piety under Hepliaklqana
  9021 | D:9      | Noticed a two-headed ogre
  9029 | D:9      | Killed a two-headed ogre
  9030 | D:9      | Reached skill level 5 in Invocations
  9084 | D:10     | Entered Level 10 of the Dungeon
  9098 | D:10     | Reached XP level 11. HP: 86/89 MP: 14/14
  9111 | D:10     | Found a staircase to the Orcish Mines.
  9141 | D:10     | Reached skill level 5 in Evocations
  9268 | D:10     | Noticed a two-headed ogre
  9291 | D:10     | Killed a two-headed ogre
  9457 | D:10     | Noticed a two-headed ogre
  9468 | D:10     | Killed a two-headed ogre
  9717 | D:10     | Reached skill level 5 in Armour
 10717 | D:10     | Noticed a two-headed ogre
 10718 | D:10     | Noticed an ogre mage
 10731 | D:10     | Killed a two-headed ogre
 10734 | D:10     | Noticed a deep elf pyromancer
 10734 | D:10     | Killed an ogre mage
 10744 | D:10     | Killed a deep elf pyromancer
 10986 | D:10     | Noticed an orc knight
 10988 | D:10     | Reached XP level 12. HP: 76/100 MP: 10/15
 10994 | D:10     | Noticed a six-headed hydra
 11002 | D:10     | Killed a six-headed hydra
 11259 | D:11     | Identified the of Hyrofor
 12271 | IceCv    | Identified the "Gamo"
 12271 | Lair:1   | Entered Level 1 of the Lair of Beasts
 12333 | Lair:1   | Reached skill level 1 in Shields
 12411 | Lair:1   | Noticed Nergalle
 12440 | Lair:1   | Killed Nergalle
 12710 | Lair:1   | Reached skill level 2 in Shields
 13337 | Lair:2   | Reached skill level 3 in Shields
 13523 | Lair:2   | Reached XP level 13. HP: 46/109 MP: 8/17
 13805 | Lair:2   | Reached skill level 4 in Shields
 14711 | Lair:3   | Reached skill level 5 in Shields
 15124 | Lair:3   | Reached skill level 15 in Unarmed Combat
 15195 | Lair:3   | Reached skill level 6 in Shields
 15258 | Lair:3   | Found a hole to the Spider Nest.
 15450 | Lair:3   | Found a staircase to the Shoals.
 16054 | Lair:4   | Identified the +5 chain mail of the Harp {rF+ rCorr Str+3}
 16132 | Lair:4   | Reached XP level 14. HP: 91/119 MP: 13/18
 16632 | Lair:4   | Noticed Sonja
 16665 | Lair:4   | Killed Sonja
 16741 | Lair:4   | Reached skill level 7 in Shields
 16925 | Lair:4   | Reached skill level 15 in Fighting
 17277 | Lair:4   | Identified the +3 short sword of the Dripping Gods {freeze,
                  | rF+ Will+ rCorr Int-5}
 17344 | Lair:5   | Entered Level 5 of the Lair of Beasts
 17697 | Lair:5   | Found a staircase to the Slime Pits.
 18313 | Lair:5   | Found a large runed translucent door.
 18472 | Lair:5   | Found a large runed translucent door.
 19064 | D:4      | Killed Pi314's ghost
 19335 | Orc:1    | Entered Level 1 of the Orcish Mines
 19375 | Orc:1    | Noticed an orc warlord
 19399 | Orc:1    | Killed an orc warlord
 19683 | Orc:1    | Reached skill level 8 in Shields
 20016 | Orc:1    | Found Sabyjun's Antique Armour Shop.
 20195 | Orc:2    | Entered Level 2 of the Orcish Mines
 20210 | Orc:2    | Found a staircase to the Elven Halls.
 20211 | Orc:2    | Found a burning altar of Makhleb.
 20595 | Orc:2    | Reached XP level 15. HP: 106/126 MP: 17/21
 20811 | Orc:2    | Found Uchifuit's General Store.
 20811 | Orc:2    | Found Uroopleh's Distillery.
 20816 | Orc:2    | Found Jorez's Magic Scroll Shop.
 20816 | Orc:2    | Found Yliask's Magic Scroll Emporium.
 20825 | Orc:2    | Reached skill level 10 in Invocations
 21025 | Orc:2    | Bought a scroll of identify for 32 gold pieces
 21026 | Orc:2    | Bought a potion of attraction for 39 gold pieces
 21026 | Orc:2    | Bought a potion of invisibility for 104 gold pieces
 21027 | Orc:2    | Bought a scroll of butterflies for 56 gold pieces
 21027 | Orc:2    | Bought a scroll of fear for 56 gold pieces
 21027 | Orc:2    | Bought a scroll of identify for 28 gold pieces
 21027 | Orc:2    | Bought a scroll of identify for 28 gold pieces
 21028 | Orc:2    | Bought a scroll of identify for 24 gold pieces
 21028 | Orc:2    | Bought a scroll of identify for 24 gold pieces
 21262 | Orc:2    | Found Xuempyph's Magic Scroll Shop.
 21298 | Orc:2    | Bought a scroll of blinking for 82 gold pieces
 21298 | Orc:2    | Bought a scroll of immolation for 44 gold pieces
 21451 | Orc:2    | Noticed Rupert
 21470 | Orc:2    | Killed Rupert
 21645 | Orc:2    | Noticed Maurice
 21654 | Orc:2    | Killed Maurice
 22298 | D:12     | Reached skill level 5 in Throwing
 22546 | D:12     | Reached ****** piety under Hepliaklqana
 22654 | D:12     | Found Tywkeol's Magic Scroll Shoppe.
 23022 | D:13     | Found a gate leading to a gauntlet.
 23034 | Gauntlet | Entered a Gauntlet
 23034 | Gauntlet | Found a transporter.
 23034 | Gauntlet | Found a transporter.
 23040 | Gauntlet | Found a transporter.
 23041 | Gauntlet | Found a transporter.
 23044 | Gauntlet | Found a transporter.
 23044 | Gauntlet | Found a transporter.
 23079 | Gauntlet | Found a transporter.
 23083 | Gauntlet | Found a transporter.
 23097 | Gauntlet | Found a transporter.
 23109 | Gauntlet | Found a runed translucent gate.
 23110 | Gauntlet | Found a transporter.
 23110 | Gauntlet | Found a runed translucent gate.
 23111 | Gauntlet | Found a runed translucent gate.
 23115 | Gauntlet | Found a transporter.
 23136 | Gauntlet | Found a transporter.
 23404 | Gauntlet | Identified the +11 spear of the First Hosts {elec, rElec
                  | Str+5 Dex-5}
 23454 | D:13     | Found a frozen archway.
 23482 | IceCv    | Entered an ice cave
 24097 | IceCv    | Reached skill level 5 in Dodging
 24102 | IceCv    | Reached XP level 16. HP: 135/135 MP: 21/23
 25123 | D:14     | Reached skill level 9 in Shields
 25725 | D:14     | Noticed Jorgrun
 25738 | D:14     | Killed Jorgrun
 25867 | D:14     | Found a gate to the Vaults.
 26688 | D:15     | Entered Level 15 of the Dungeon
 26946 | D:15     | Found a basalt altar of Yredelemnul.
 27453 | D:15     | Found a staircase to the Depths.
 27897 | Spider:1 | Entered Level 1 of the Spider Nest
 28075 | Spider:1 | Noticed Mlioglotl
 28086 | Spider:1 | Killed Mlioglotl
 28538 | Spider:1 | Noticed Asterion
 28554 | Spider:1 | Killed Asterion
 29914 | Spider:2 | Reached XP level 17. HP: 146/146 MP: 24/24
 30101 | Spider:2 | Found a runed translucent door.
 30101 | Spider:2 | Found a shimmering altar of Xom.
 30101 | Spider:2 | Noticed Tagocin's ghost (adept DsBe)
 30101 | Spider:2 | Identified the +4 morningstar of the Twisting Enemy {chaos,
                  | rC+}
 30120 | Spider:2 | Killed Tagocin's ghost
 31953 | Spider:3 | Identified the +0 pair of gloves of Rotation {Regen+
                  | Stlth+}
 32086 | Spider:4 | Entered Level 4 of the Spider Nest
 33434 | Spider:4 | Reached skill level 10 in Armour
 33627 | Spider:4 | Reached XP level 18. HP: 134/160 MP: 5/25
 33904 | Spider:4 | Got a gossamer rune of Zot
 35115 | Shoals:1 | Entered Level 1 of the Shoals
 37149 | Shoals:3 | Found Vitov's Magic Scroll Emporium.
 37561 | Shoals:3 | Reached skill level 10 in Shields
 37643 | Shoals:3 | Bought a scroll of teleportation for 51 gold pieces
 37643 | Shoals:3 | Bought a scroll of teleportation for 51 gold pieces
 37643 | Shoals:3 | Bought a scroll of butterflies for 68 gold pieces
 37643 | Shoals:3 | Bought a scroll of fear for 68 gold pieces
 38354 | Shoals:4 | Entered Level 4 of the Shoals
 38466 | Shoals:4 | Identified the amulet "Eriam" {Spirit rElec Int+6}
 38659 | Shoals:4 | Found the sphere of Battle
 38693 | Shoals:4 | Reached XP level 19. HP: 66/166 MP: 27/27
 38922 | Shoals:4 | Got a barnacled rune of Zot
 38946 | Shoals:4 | Found Juagizi's Armour Emporium.
 40220 | Crypt:3  | Identified the of Coigag
 40220 | Crypt:3  | Identified the "Hehum Sic"
 40220 | Depths:2 | Identified the "Riuply"
 40220 | Elf:1    | Identified the "Vesiad"
 40220 | Elf:1    | Identified the "Yvoass"
 40220 | Elf:1    | Entered Level 1 of the Elven Halls
 40241 | Elf:1    | Identified the ring of False Hope {Ice Dex+4}
 40334 | Abyss:2  | Cast into level 2 of the Abyss (a deep elf demonologist)
 40534 | Abyss:2  | Found a corrupted altar of Lugonu.
 40546 | Abyss:2  | Found a corrupted altar of Lugonu.
 40546 | Abyss:2  | Found a corrupted altar of Lugonu.
 40827 | Abyss:2  | Noticed a pearl dragon
 40845 | Elf:1    | Escaped the Abyss
 40866 | Elf:1    | Reached skill level 10 in Dodging
 40887 | Elf:1    | Paralysed by an air elemental for 1 turns
 40999 | Elf:1    | Paralysed by an air elemental for 1 turns
 41045 | Elf:1    | Found Finamo's Antique Weapon Boutique.
 41386 | Elf:1    | Noticed a Hell Sentinel
 41387 | Elf:1    | Noticed a Brimstone Fiend
 41614 | Elf:2    | Paralysed by an air elemental for 1 turns
 42765 | Elf:2    | Reached XP level 20. HP: 168/173 MP: 28/28
 42780 | Elf:2    | Found a runed translucent gate.
 42813 | Elf:2    | Found a runed translucent gate.
 42813 | Elf:2    | Found a runed translucent gate.
 43435 | Elf:2    | Reached skill level 15 in Armour
 43661 | Elf:3    | Identified the "Weymmeph"
 43661 | Elf:3    | Entered Level 3 of the Elven Halls
 43715 | Elf:3    | Found Miufyock's Assorted Antiques.
 43987 | Elf:3    | Found the +3 warlock's mirror {omnireflect}
 43990 | Elf:3    | Found a runed translucent door.
 43991 | Elf:3    | Noticed Xoff's ghost (adept GnCj)
 44010 | Elf:3    | Killed Xoff's ghost
 44517 | Elf:3    | Found Miufyock's Assorted Antiques.
 44627 | Elf:3    | Noticed a Tzitzimitl
 44693 | Elf:3    | Identified the +0 robe "Lueros" {rF+ rC+}
 44697 | Elf:3    | Identified the +0 chain mail of Ru's Generosity {+Blink
                  | Str+4 Stlth-}
 45316 | Elf:3    | Identified the +3 arbalest "Anokhu" {flame, rElec rF+}
 45362 | Elf:3    | Noticed a Brimstone Fiend
 45392 | Abyss:2  | Cast into level 2 of the Abyss (a deep elf sorcerer)
 45565 | Abyss:3  | Reached skill level 11 in Shields
 45589 | Abyss:3  | Got an abyssal rune of Zot
 45824 | Abyss:3  | Noticed a bone dragon
 45824 | Abyss:3  | Paralysed by accursed screaming for 1 turns
 45826 | Abyss:3  | Reached XP level 21. HP: 98/180 MP: 17/29
 45842 | Abyss:3  | Killed a bone dragon
 46050 | Elf:3    | Escaped the Abyss
 46078 | Elf:3    | Identified the +1 plate armour of Hubris {Rampage rC+ rN+
                  | Str-3}
 46084 | Elf:3    | Identified the +4 short sword of Massacring {venom, rElec
                  | MP+9 Dex+2}
 46461 | Vaults:1 | Entered Level 1 of the Vaults
 47283 | Vaults:1 | Identified the serpent talisman "Butetwu" {*Slow rPois rC+
                  | Dex+3}
 47283 | Vaults:1 | Noticed Aizul
 47305 | Vaults:1 | Killed Aizul
 47425 | Vaults:1 | Reached skill level 12 in Shields
 47547 | Vaults:1 | Noticed Zenata
 47562 | Vaults:1 | Killed Zenata
 47755 | Vaults:1 | Reached skill level 10 in Evocations
 48396 | Vaults:2 | Reached XP level 22. HP: 188/188 MP: 29/31
 48552 | Vaults:2 | Reached skill level 10 in Throwing
 48552 | Vaults:2 | Reached skill level 13 in Shields
 48646 | Vaults:2 | Found Eddentis's Antique Armour Shoppe.
 48677 | Vaults:2 | Bought a runed helmet for 330 gold pieces
 48886 | Vaults:2 | Identified the +1 robe of Prudence {Dex+4 Slay+2}
 50018 | Vaults:3 | Found a staircase to the Crypt.
 50184 | Vaults:3 | Reached skill level 14 in Shields
 50449 | Vaults:3 | Noticed a golden dragon
 50455 | Vaults:3 | Reached skill level 15 in Invocations
 50458 | Vaults:3 | Killed a golden dragon
 50509 | Vaults:3 | Found the +5 glaive of the Guard {elec, spectral}
 50627 | Vaults:3 | Noticed Ynkabiuw's ghost (adept TrCK)
 50628 | Vaults:3 | Found a runed translucent gate.
 50628 | Vaults:3 | Found a runed translucent gate.
 50628 | Vaults:3 | Found a runed translucent gate.
 50823 | Vaults:3 | Killed Ynkabiuw's ghost
 50918 | Vaults:3 | Reached XP level 23. HP: 180/193 MP: 29/33
 50943 | Vaults:3 | Identified the +5 plate armour of Card Tricks {rC+}
 50948 | Vaults:3 | Identified the ring "Zatab" {Drain Fly Int+6 Dex+3}
 51266 | Vaults:4 | Found Zoih Opu's Antique Weapon Boutique.
 51412 | Vaults:4 | Noticed Frederick
 51423 | Vaults:4 | Killed Frederick
 51844 | Vaults:4 | Reached skill level 15 in Shields
 52232 | Depths:1 | Entered Level 1 of the Depths
 52262 | Depths:1 | Found a gateway to Hell.
 52539 | Depths:1 | Found an iron altar of Okawaru.
 52861 | Depths:1 | Found Jafih's Self-Published Books.
 53134 | Depths:1 | Found a broken altar of Ashenzari.
 53439 | Abyss:3  | Cast into level 3 of the Abyss (an occultist)
 53467 | Depths:2 | Escaped the Abyss
 53508 | Depths:2 | Reached skill level 16 in Shields
 53744 | Depths:2 | Noticed a shard shrike
 53992 | Depths:2 | Identified the +9 war axe "Virotaah" {freeze, Dex+2}
 53993 | Depths:2 | Paralysed by a fenstrider witch for 2 turns
 54082 | Depths:2 | Reached XP level 24. HP: 176/201 MP: 33/33
 54203 | Depths:2 | Noticed a shard shrike
 54353 | Depths:2 | Killed a shard shrike
 54387 | Depths:2 | Reached skill level 17 in Shields
 54567 | Depths:2 | Found a one-way gate leading to the halls of Pandemonium.
 54642 | Depths:2 | Killed a shard shrike
 54778 | Depths:2 | Noticed Sojobo
 54789 | Depths:2 | Killed Sojobo
 54839 | Depths:2 | Noticed a dread lich
 54862 | Depths:2 | Paralysed by a dread lich for 2 turns
 54871 | Depths:2 | Killed a dread lich
 55040 | Depths:2 | Found the +3 Mad Mage's Maulers {Infuse+∞ VampMP -Cast}
 55678 | Depths:2 | Reached skill level 18 in Shields
 55882 | Depths:3 | Found a magical portal.
 55889 | WizLab   | Entered Borgnjor's Mausoleum
 56882 | WizLab   | Identified the amulet "Quitsiso" {rPois Regen+}
 57720 | Depths:3 | Found Sudaxaj's Gadget Gallery.
 57903 | Depths:3 | Found a one-way gate to the infinite horrors of the Abyss.
 58365 | Depths:3 | Reached skill level 19 in Shields
 58529 | Depths:3 | Found a one-way gateway to a ziggurat.
 58898 | Depths:3 | Reached XP level 25. HP: 207/207 MP: 0/33
 59782 | Depths:3 | Found a runed translucent door.
 59782 | Depths:3 | Found a runed translucent door.
 60023 | Depths:3 | Noticed a juggernaut
 60042 | Depths:3 | Killed a juggernaut
 60160 | Depths:3 | Identified the +1 cloak "Zoudac" {-Tele rF+ rCorr Str+3}
 60163 | Depths:3 | Identified the ring of Foolhardiness {Wiz rElec rN+ Str+2}
 62360 | D:12     | Bought a scroll of enchant armour for 82 gold pieces
 62360 | D:12     | Bought a scroll of enchant armour for 82 gold pieces
 62526 | Depths:4 | Entered Level 4 of the Depths
 62885 | Depths:4 | Found a blossoming altar of Fedhas.
 62895 | Depths:4 | Identified the +3 scale mail of Gufave {*Corrode rC+++
                  | Str+6 Dex+3}
 62985 | Depths:4 | Noticed the Enchantress
 63216 | Depths:4 | Found a basalt altar of Yredelemnul.
 63347 | Depths:4 | Reached skill level 15 in Throwing
 63347 | Depths:4 | Reached skill level 20 in Shields
 63581 | Depths:4 | Noticed Mennas
 63747 | Depths:4 | Killed Mennas
 64325 | Depths:4 | Killed the Enchantress
 64988 | Depths:4 | Found a shimmering altar of Xom.
 65094 | Depths:4 | Noticed Grunn
 65106 | Depths:4 | Killed Grunn
 65174 | Depths:4 | Found a gate to the Realm of Zot.
 65583 | Depths:4 | Reached skill level 21 in Shields
 66344 | Depths:4 | Found an iron altar of Okawaru.
 67155 | Crypt:1  | Entered Level 1 of the Crypt
 67582 | Crypt:1  | Reached XP level 26. HP: 209/215 MP: 2/33
 67766 | Crypt:1  | Found a basalt altar of Yredelemnul.
 67931 | Crypt:1  | Noticed Margery
 67941 | Crypt:1  | Killed Margery
 68350 | Crypt:1  | Identified the +7 glaive "Tormentor" {heavy, rElec Will-
                  | rCorr Str-2}
 70088 | Crypt:2  | Found a runed translucent gate.
 70088 | Crypt:2  | Found a runed translucent gate.
 70094 | Crypt:2  | Identified the +5 tower shield "Febles" {rF- Str+3 Int+6}
 70113 | Crypt:2  | Noticed Gathuos's ghost (adept OpEE)
 70227 | Crypt:2  | Found a runed translucent gate.
 70245 | Crypt:2  | Found an iron altar of Okawaru.
 70809 | Crypt:2  | Reached skill level 22 in Shields
 70976 | Crypt:2  | Noticed Donald
 70979 | Crypt:2  | Killed Donald
 72096 | Crypt:2  | Killed Gathuos's ghost
 72430 | Crypt:3  | Entered Level 3 of the Crypt
 72902 | Crypt:3  | Identified the ring "Budieh" {rPois rF- rN+ SInv Stlth+}
 72902 | Crypt:3  | Noticed Boris
 72915 | Crypt:3  | Killed Boris
 73665 | Crypt:3  | Reached skill level 23 in Shields
 73692 | Crypt:3  | Paralysed by something for 4 turns
 74192 | Crypt:3  | Found a staircase to the Tomb.
 75507 | Crypt:3  | Noticed Jory
 75821 | Abyss:3  | Found a corrupted altar of Lugonu.
 75821 | Abyss:3  | Cast into level 3 of the Abyss (vampire knight)
 75876 | Crypt:3  | Escaped the Abyss
 75882 | Crypt:3  | Paralysed by a vampire knight for 4 turns
 76405 | Crypt:3  | Killed Jory
 76666 | Crypt:3  | Found the +3 greatsling "Punk" {acid, rCorr}
 76708 | Crypt:3  | Paralysed by a vampire knight for 4 turns
 76888 | Crypt:3  | Identified the ring of Myopsyer {rN+ rCorr Str-3 Int+4
                  | SInv}
 76888 | Crypt:3  | Identified the ring of Vualia {rElec rN+ SInv}
 77124 | Vaults:5 | Entered Level 5 of the Vaults
 77138 | Vaults:5 | Reached skill level 24 in Shields
 77242 | Vaults:5 | Reached XP level 27. HP: 221/221 MP: 3/33
 77737 | Vaults:5 | Identified the amulet of Xom's Whimsicality {Acrobat Will+
                  | Stlth+}
 77789 | Vaults:5 | Identified the ring of Xeharaeti {Fire Fly}
 78202 | Vaults:5 | Identified the staff of Intuition {+Blink rF- rN+ Will+++
                  | Dex+3 Necro}
 78365 | Vaults:5 | Identified the +1 robe of Usuwn {Fly Will+ Regen+ Str-2}
 78365 | Vaults:5 | Identified the ring of Fedhas's Castigation {rC+ Dex+2}
 78405 | Vaults:5 | Got a silver rune of Zot
 78427 | Vaults:5 | Reached skill level 25 in Shields
 78457 | Vaults:5 | Identified the +10 longbow "Kuaddat" {heavy, Dex+5}
 78457 | Vaults:5 | Identified the +4 lajatang of Tentacled Prudence
                  | {antimagic, rF+ Dex+2 SInv}
 78701 | Vaults:5 | Identified the +0 scale mail "Zer Jao" {rPois}
 79724 | Vaults:5 | Identified the +7 rapier of Impatience {protect, Dex+3}
 80342 | Vaults:5 | Noticed an ancient lich
 80354 | Vaults:5 | Killed an ancient lich
 80642 | Vaults:5 | Reached skill level 26 in Shields
 80901 | Vaults:5 | Identified the +1 cloak "Ifuis" {rElec Int-5 Dex+4 Stlth+}
 81626 | Orc:1    | Bought ancient pearl dragon scales for 3415 gold pieces
 81626 | Orc:1    | Identified the +4 pearl dragon scales of the Lachrymose God
                  | {rN+ Str+3} (You bought it in a shop on level 1 of the
                  | Orcish Mines)
 81665 | Orc:2    | Bought a scroll of enchant armour for 90 gold pieces
 81665 | Orc:2    | Bought a scroll of vulnerability for 48 gold pieces
 81665 | Orc:2    | Bought a scroll of vulnerability for 48 gold pieces
 81665 | Orc:2    | Bought a scroll of teleportation for 36 gold pieces
 81667 | Orc:2    | Bought a scroll of enchant armour for 120 gold pieces
 81667 | Orc:2    | Bought a potion of resistance for 160 gold pieces
 81667 | Orc:2    | Bought a scroll of revelation for 120 gold pieces
 81672 | Orc:2    | Bought a scroll of teleportation for 42 gold pieces
 81672 | Orc:2    | Bought a scroll of teleportation for 42 gold pieces
 81673 | Orc:2    | Bought a potion of invisibility for 104 gold pieces
 81673 | Orc:2    | Bought 2 potions of curing for 78 gold pieces
 81743 | Orc:2    | Bought a scroll of revelation for 82 gold pieces
 81743 | Orc:2    | Bought a scroll of teleportation for 33 gold pieces
 81851 | D:12     | Bought a scroll of fog for 44 gold pieces
 81851 | D:12     | Bought a scroll of teleportation for 33 gold pieces
 81851 | D:12     | Bought a scroll of blinking for 82 gold pieces
 81983 | Elf:3    | Bought a wand of digging (6) for 1058 gold pieces
 81983 | Elf:3    | Bought a potion of curing for 126 gold pieces
 81983 | Elf:3    | Bought a scroll of teleportation for 126 gold pieces
 81983 | Elf:3    | Bought a potion of curing for 126 gold pieces
 82295 | Depths:3 | Bought a wand of mindburst (2) for 67 gold pieces
 82295 | Depths:3 | Bought a wand of mindburst (8) for 268 gold pieces
 82352 | Zot:1    | Entered Level 1 of the Realm of Zot
 83020 | Zot:4    | Noticed an orb of fire
 83035 | Zot:4    | Killed an orb of fire
 83810 | Zot:4    | Found a shimmering altar of Xom.
 83813 | Zot:4    | Found a shimmering altar of Xom.
 83813 | Zot:4    | Found a shimmering altar of Xom.
 83813 | Zot:4    | Found a shimmering altar of Xom.
 83830 | Zot:4    | Found a shimmering altar of Xom.
 84160 | Zot:5    | Entered Level 5 of the Realm of Zot
 84181 | Zot:5    | Found a transporter.
 84623 | Zot:5    | Reached skill level 27 in Shields
 84855 | Zot:5    | Killed an ancient lich
 84875 | Zot:5    | Noticed an orb of fire
 84890 | Zot:5    | Killed an orb of fire
 84906 | Zot:5    | Noticed an orb of fire
 84925 | Zot:5    | Killed an orb of fire
 84947 | Zot:5    | Noticed a dread lich
 84961 | Zot:5    | Killed a dread lich
 85488 | Zot:5    | Noticed an orb of fire
 85496 | Zot:5    | Killed an orb of fire
 85844 | Zot:5    | Noticed an orb of fire
 85864 | Zot:5    | Killed an orb of fire
 85883 | Zot:5    | Noticed a dread lich
 85891 | Zot:5    | Noticed an orb of fire
 85902 | Zot:5    | Killed an orb of fire
 85910 | Zot:5    | Killed a dread lich
 87052 | Zot:5    | Got the Orb of Zot
 87315 | D:15     | Noticed Etubis the pandemonium lord
 87596 | D:$      | Escaped with the Orb!

Illustrated notes

Levels and vault maps discovered:
D:1:      shiori_shiawase, layout_basic, hellmonk_ecumenical_altar_blasted,
          serial_shops, nicolae_shop_crystal, chequers_serial_rivers_small_b
D:2:      layout_loops_ring
D:3:      layout_basic, serial_shops, nicolae_shop_tiny_statue_garden,
          minmay_fractal_squares_5, uniq_jessica, uniq_robin
D:4:      layout_rooms, gammafunk_ghost_stat_death, minivault_14,
          chequers_serial_rivers_marsh, eino_tiny_chamber, uniq_sigmund,
          uniq_grinder
D:5:      layout_gridville, gammafunk_temple_overflow_pools,
          minmay_misc_feat_room, uniq_prince_ribbit1, uniq_eustachio
D:6:      layout_cave_pods, minmay_temple_entry_butterflies,
          minmay_misc_feat_tiny
D:7:      layout_basic, lightli_corner_chamber
D:8:      layout_loops_ring, lair_entry_dummy, serial_shops, shop
D:9:      layout_cave_pools, minivault_16, minmay_misc_feat_ornament
D:10:     minmay_quarter_circles, layout_cross, hiddenorc2_lemuel,
          nicolae_figureground_sparkle
D:11:     layout_basic
D:12:     layout_gridville, serial_shops, shop
D:13:     layout_basic, gauntlet_entry_generic, portal_ice_cave_entry_imps
D:14:     layout_basic, skrybe_vaults_entry_preservation,
          minmay_misc_feat_tower, uniq_jorgrun
D:15:     grunt_enter_depths_giant_problem, layout_layer_cave,
          old_standard_altar, zin_statuary
Lair:1:   layout_chaotic_city, uniq_nergalle
Lair:2:   layout_roguey
Lair:3:   layout_chaotic_city, elwin_shoals_entry_stream,
          nicolae_spider_entry_non_spiders
Lair:4:   layout_long_grid, ice2_lemuel, lemuel_fruit_tree, uniq_sonja
Lair:5:   cheibrodos_lair_end_hotspot, layout_hall_layers, slime_entry_1,
          eino_small_chamber_without_monster
Shoals:1: cheibrodos_shoals_satyrical_garden, layout_shoals
Shoals:2: layout_shoals
Shoals:3: layout_shoals, serial_shops, shop
Shoals:4: shoals_end_grunt_garden, layout_shoals, serial_shops,
          nicolae_shop_window_shopping
Spider:1: layout_spider_delve, uniq_mlioglotl, uniq_asterion
Spider:2: layout_spider_delve, ebering_ghost_xom, nicolae_spider_shape,
          hangedman_spider_tarantella_strand
Spider:3: layout_spider_delve, hellmonk_motheaten_closet
Spider:4: spider_rune_water, nicolae_spider_paper_wasps
Orc:1:    layout_caves, basic_altar, serial_shops, shop
Orc:2:    st_orc_ogre_mass, layout_caves, serial_shops,
          nicolae_shop_advertising_works [nicolae_subvault_shop_adworks],
          basic_altar, uniq_rupert, uniq_maurice
Elf:1:    elf_arrival_002, layout_onion_city, serial_shops,
          nicolae_shop_tiny_statue_garden, minmay_elf_demonology,
          wad_floor_pattern_untrapped
Elf:2:    nicolae_elf_blades_splatter_lattice [mumra_blade_entry_bloodbath],
          layout_loops_ring
Elf:3:    elf_hall_gauntlet_wide, layout_loops_ring, gammafunk_ghost_grave,
          serial_shops, shop, st_stairs_11
Vaults:1: nicolae_vaults_shipping_containers_1, nicolae_vaults_wine_cellar,
          v_pattern_2, nicolae_vaults_steering_wheel, nicolae_vaults_what_the_h,
          grunt_vaults_twisty, nicolae_vaults_storage_closets_1,
          vaults_room_hallway, layout_vaults_omnigrid, uniq_zenata, uniq_aizul
Vaults:2: v_rooms_2, vaults_room_fancy_cross,
          nicolae_vaults_trapezoid_lopsided_2, nicolae_vaults_weapon_check,
          vaults_mumra_chevron, nicolae_vaults_closet_pinwheel_6,
          vaults_dpeg_encased_lava, nicolae_vaults_closet_pinwheel_2,
          nicolae_vaults_little_squares_2, layout_vaults_big_room, serial_shops,
          nicolae_shop_tiny_statue_garden
Vaults:3: biasface_ghost_orc_armoury, v_alt_pattern_5,
          minmay_crypt_entry_nasty_monster, minmay_guarded_unrand_guard_vaults,
          v_misc_2, nicolae_vaults_shelves_hall, hangedman_vaults_stream,
          v_misc_10, v_misc_3, vaults_room_door_ring,
          nicolae_vaults_apartment_2, nicolae_vaults_mini_display_case,
          layout_vaults_maze
Vaults:4: st_lattice, v_misc_24, v_misc_8, grunt_vaults_swirl,
          nicolae_vaults_octothorpe, nicolae_vaults_trapezoid_1,
          nicolae_vaults_diagonal_hallway_6, hangedman_vaults_maws,
          vaults_dpeg_doors, hangedman_vaults_cutoff,
          nicolae_vaults_three_branches, v_rooms_4,
          nicolae_vaults_circle_grid_b, layout_vaults_omnibox, serial_shops,
          shop, uniq_frederick
Vaults:5: serial_shops
Crypt:1:  layout_misc_corridors, weyrava_vampire_temple, uniq_margery
Crypt:2:  layout_catacombs, gammafunk_ghost_fury_of_okawaru, uniq_donald
Crypt:3:  due_elkab, layout_chaotic_city, weyrava_lich_vault
Depths:1: hellmonk_destroyed_diamonds, layout_basic, okawaru_trees_2,
          hell_entry, nicolae_custom_books, ashenzari_conservatory_becter
Depths:2: hellmonk_hyper_hexagons [hex_subvault_rooms, hex_subvault_bowtie,
          hex_subvault_bell, hex_subvault_rings, hex_subvault_spokes,
          hex_subvault_orbs, hex_subvault_filled], hell_entry, pan_entry,
          uniq_sojobo
Depths:3: minmay_the_grid_triangle_9x9_rhombus_full
          [minmay_the_grid_triangle_9x9_minimal,
          minmay_the_grid_triangle_9x9_tough_junction,
          minmay_the_grid_triangle_9x9_dagger,
          minmay_the_grid_triangle_9x9_wacky_v,
          minmay_the_grid_triangle_9x9_zippers_vertical,
          minmay_the_grid_triangle_9x9_warning,
          minmay_the_grid_triangle_9x9_swiss_cheese,
          minmay_the_grid_triangle_9x9_prize_center], layout_long_grid,
          enter_ziggurat_d, pan_entry, abyss_entry_small_statue_room,
          hangedman_geh_valley, mu_enter_wizlab_6, grunt_ministairs_7,
          nicolae_shop_gadgets, infiniplex_staircase_zigzag_5
Depths:4: grunt_profane_halls [grunt_profane_temple_geh,
          grunt_profane_temple_coc, grunt_profane_temple_dis,
          grunt_profane_temple_tar, grunt_zot_portal], hell_entry,
          uniq_enchantress, uniq_grunn, uniq_mennas
Zot:1:    hellmonk_paralyzer, layout_concentric_octagons
Zot:2:    layout_onion_interference
Zot:3:    layout_onion_interference, lemuel_lich_library
Zot:4:    dreamdust_zin_vs_xom, layout_misc_corridors
Zot:5:    layout_onion, hangedman_zot_decor_tridents, st_stairs_3,
          regret_index_zotdec_plus, nicolae_diode_basic

Skill      XL: |  1  2  3  4  5  6  7  8  9 10 11 12 13 14 15 16 17 18 19 20 21 22 23 24 25 26 27 |
---------------+----------------------------------------------------------------------------------+-----
Conjurations   | 1 |  1.0
Fighting       | 1 2 3 5 6 9 10 12 13 14 15 16 17 20 | 20.0
Unarmed Combat | 2 3 4 6 7 9 10 11 12 14 15 16 17 18 19 20 | 20.0
Armour         | 1 2 3 4 5 6 7 10 11 13 15 17 | 17.3
Dodging        | 2 3 5 7 10 13 | 13.4
Throwing       | 2 3 4 5 6 7 8 9 11 12 14 15 16 | 16.0
Invocations    | 5 6 7 9 10 11 12 13 14 15 | 15.0
Evocations     | 4 5 6 7 8 9 10 11 12 | 12.0
Shields        | 3 6 8 9 10 11 12 14 16 19 21 24 27 | 27.0
Stealth        | |  2.1
Spellcasting   | |  2.6
Summonings     | |  0.8
Translocations | |  0.8

Action                     |  1- 3 |  4- 6 |  7- 9 | 10-12 | 13-15 | 16-18 | 19-21 | 22-24 | 25-27 || total
---------------------------+-------+-------+-------+-------+-------+-------+-------+-------+-------++-------
  Melee: Unarmed           |    65 |   158 |   249 |   371 |   892 |   945 |  1063 |  1138 |  1531 ||  6412
         Punch             |       |     3 |     8 |    17 |       |       |       |       |     1 ||    29
  Throw: Stone             |       |       |    17 |       |    51 |       |       |       |       ||    68
         Boomerang         |       |       |       |    90 |   150 |   198 |   382 |   203 |   180 ||  1203
         Dart              |       |       |       |     8 |   183 |    14 |       |     3 |     2 ||   210
         Throwing net      |       |       |       |       |       |       |       |     1 |     2 ||     3
         Javelin           |       |       |       |       |       |       |       |       |     7 ||     7
   Cast: Magic Dart        |    42 |       |       |       |       |       |       |       |       ||    42
 Invoke: Ancestor Identity |     1 |       |       |       |       |       |       |       |       ||     1
         Ancestor Life: Kn |       |     1 |       |       |       |       |       |       |       ||     1
         Recall Ancestor   |       |     1 |     3 |     4 |     9 |     7 |     9 |     8 |    14 ||    55
         Idealise          |       |       |       |     5 |    12 |    18 |    15 |    18 |     6 ||    74
  Evoke: Wand              |       |       |       |    13 |     5 |    16 |    25 |    13 |    18 ||    90
         Phial of floods   |       |       |       |       |     1 |     3 |     3 |     4 |     3 ||    14
         Lightning rod     |       |       |       |       |     4 |    19 |    22 |    18 |    22 ||    85
         Phantom mirror    |       |       |       |       |     1 |     5 |     4 |     6 |     5 ||    21
         Box of beasts     |       |       |       |       |     1 |     2 |     1 |     2 |     3 ||     9
         Tin of tremorston |       |       |       |       |       |       |       |       |     3 ||     3
    Use: Scroll            |       |       |     3 |    14 |    12 |     7 |     7 |    13 |    33 ||    89
         Potion            |       |       |       |       |     6 |     4 |     6 |    12 |     5 ||    33
   Stab: Distracted        |       |     1 |     2 |     2 |     5 |    14 |    15 |    26 |    19 ||    84
         Fleeing           |       |       |       |       |       |     1 |       |       |       ||     1
         Invisible         |       |       |       |       |       |       |     4 |       |       ||     4
 Armour: Robe              |    14 |       |       |       |       |       |       |       |       ||    14
         Chain mail        |    20 |    11 |       |       |   350 |   774 |   743 |   625 |    32 ||  2555
         Plate armour      |       |   113 |   207 |   283 |   149 |       |       |       |       ||   752
         Gold dragon scale |       |       |       |       |       |       |       |       |   883 ||   883
  Dodge: Dodged            |    31 |    22 |    68 |   165 |   309 |   444 |   291 |   393 |   306 ||  2029
  Block: Other             |       |    30 |    71 |    58 |       |       |       |       |       ||   159
         Reflection        |       |       |     1 |       |     2 |    34 |    12 |       |       ||    49
         Kite shield       |       |       |       |    81 |   431 |       |       |       |       ||   512
         Tower shield      |       |       |       |       |       |   788 |   628 |   707 |  1163 ||  3286

Table legend: (Time is in decaauts)
 A = Elapsed time spent in this place.
 B = Non-inter-level travel time spent in this place.
 C = Inter-level travel time spent in this place.
 D = Time resting spent in this place.
 E = Time spent auto-exploring this place.
 F = Levels seen in this place.
 G = Mean time per level.
                   A        B        C        D        E       F      G
               +--------+--------+--------+--------+--------+-----+--------+
         Total |  86889 |  78720 |   8169 |   5784 |  54685 |  58 | 1498.1 |
       Dungeon |  19443 |  16412 |   3031 |    502 |  12675 |  15 | 1296.2 |
          Lair |   7000 |   6340 |    660 |    353 |   4408 |   5 | 1400.0 |
        Shoals |   5102 |   4890 |    212 |    111 |   3631 |   4 | 1275.5 |
   Spider Nest |   7668 |   6804 |    864 |    565 |   4814 |   4 | 1917.0 |
  Orcish Mines |   2446 |   2061 |    385 |     28 |   1466 |   2 | 1223.0 |
   Elven Halls |   5005 |   4552 |    453 |    422 |   2758 |   3 | 1668.3 |
        Vaults |  10116 |   9150 |    966 |    593 |   5958 |   5 | 2023.2 |
         Crypt |  10089 |   9784 |    305 |    208 |   8443 |   3 | 3363.0 |
        Depths |  11481 |  10442 |   1039 |   1016 |   7107 |   4 | 2870.2 |
           Zot |   4660 |   4408 |    252 |    861 |   2547 |   5 |  932.0 |
         Abyss |   1201 |   1201 |      0 |    215 |      0 |   5 |  240.2 |
      Ice Cave |    765 |    765 |      0 |     75 |    332 |   1 |  765.0 |
        Wizlab |   1528 |   1528 |      0 |    730 |    543 |   1 | 1528.0 |
      Gauntlet |    377 |    377 |      0 |    104 |      0 |   1 |  377.0 |
               +--------+--------+--------+--------+--------+-----+--------+

Top non-repeatable levels by time:
 Crypt:3: 4334 daAuts
Vaults:5: 4118 daAuts
Depths:4: 4076 daAuts
Depths:3: 3738 daAuts
 Crypt:2: 3662 daAuts
Spider:4: 2853 daAuts
    D:10: 2556 daAuts
   Zot:5: 2518 daAuts
Spider:1: 2483 daAuts
Depths:2: 2395 daAuts
 Crypt:1: 2093 daAuts
    D:14: 1987 daAuts
Vaults:1: 1952 daAuts
   Elf:3: 1948 daAuts
   Orc:2: 1783 daAuts
